 Dungeon Crawl Stone Soup version 0.31-a0-656-gb4d89c20fa (webtiles) character file.

Game seed: 9878522097605630560

2 subawu the Shield-Bearer (level 1, -1/22 HPs)
             Began as a Troll Fighter on Aug 30, 2023.
             Succumbed to a goblin's poison
             ... on level 1 of the Dungeon.
             The game lasted 00:01:21 (71 turns).

subawu the Shield-Bearer (Troll Fighter)              Turns: 71, Time: 00:01:22

Health: -1/22      AC:  4    Str: 23    XL:     1   Next: 33%
Magic:  0/0        EV:  8    Int:  4    God:
Gold:   0          SH:  7    Dex:  9    Spells: 0/0 levels left

rFire   . .          .
                       - Unarmed
rCold   . . .        b - +0 kite shield
rNeg    . . .        a - +0 robe
rPois   .            (helmet restricted)
rElec   .            (no cloak)
rCorr   .            (gloves unavailable)
SInv    .            (boots unavailable)
Will    .....        (no amulet)
Stlth   +            (no ring)
HPRegen 1.03/turn    (no ring)
MPRegen 0.07/turn

%: no passive effects
@: lethally poisoned (-1 -> -4)
A: large, unfitting armour, claws 3, regeneration 1, shaggy fur 1, tough skin 1
a: no special abilities


You were on level 1 of the Dungeon.
You visited 1 branch of the dungeon, and saw 1 of its levels.

Inventory:

Missiles
 d - 7 stones
Armour
 a - a +0 robe (worn)
 b - a +0 kite shield (worn)
Potions
 c - a potion of might


   Skills:
 - Level 2.4 Fighting
 - Level 2.4 Dodging
 + Level 2.7 Shields
 * Level 2.1 Unarmed Combat


You couldn't memorise any spells.
You didn't know any spells.
Your spell library was empty.

Dungeon Overview and Level Annotations

Branches:
Dungeon (1/15)

Altars:


Innate Abilities, Weirdness & Mutations

You are too large for most types of armour.
You have claws for hands.
Your natural rate of healing is unusually fast.
You are covered in fur. (AC +1)
You have tough skin. (AC +1)


Message History

Found 6 stones.
You see here 7 stones.
d - 7 stones A goblin and an endoplasm come into view.
The goblin is wielding a +2 dagger of venom.
The goblin shouts!
You see here 6 stones.
Found 2 gold pieces and a smoky ruby potion.
The endoplasm hits you. You block the goblin's attack.
You barely miss the endoplasm. The goblin barely misses you.
The endoplasm freezes you.
You are frozen.
You scratch the endoplasm.
The endoplasm is moderately wounded.
The endoplasm hits you. The goblin hits you but does no damage.
You claw the endoplasm!
You kill the endoplasm!
The goblin barely misses you.
The goblin hits you with a +2 dagger of venom.
You are poisoned.
You feel very sick.
The goblin hits you with a +2 dagger of venom.
You feel sick. The goblin hits you but does no damage.
You are more poisoned.
You don't know any spells.
Sorry, you're not good enough to have a special ability.
You barely miss the goblin.
You feel very sick.
The goblin hits you with a +2 dagger of venom.
You are lethally poisoned!
You scratch the goblin.
You kill the goblin!
* * * LOW HITPOINT WARNING * * *
You feel very sick.
* * * LOW HITPOINT WARNING * * *
You feel very sick.
You see here a +2 dagger of venom.
* * * LOW HITPOINT WARNING * * *
You feel sick.
You die...

........ .. #.# ....... #.
#.# #...$!# ### #. #.#
#.....# #.....#.##.#
#.....## #.....#.##.#
#...... ...#.....#....#
#...######
...#.....########)........
...+...........(@.....####
...#........####......#
...#........# #.....##
...#........## #.....#
......)......# #.....#
......####...# #######
......# #...# ......#
#..!# ......# #...#


There were no monsters in sight!

Vanquished Creatures
  An endoplasm (D:1)
  A goblin (D:1)
2 creatures vanquished.

Notes
Turn   | Place    | Note
-------+----------+-------------------------------------------
     0 | D:1      | subawu the Troll Fighter began the quest for the Orb.
     0 | D:1      | Reached XP level 1. HP: 22/22 MP: 0/0
    70 | D:1      | HP: 1/22 [poisoned by a goblin]
    71 | D:1      | Succumbed to a goblin's poison

Illustrated notes

Levels and vault maps discovered:
D:1:      amcnicky_arrival_underground_garden, layout_basic,
          serial_co_window_serial, co_window_paths_a, co_window_corner_a,
          co_window_of_opportunity_a, co_window_paths_a, co_window_paths_a,
          co_window_corner_ca, co_window_2corner, co_window_unsneaky_path_b,
          co_window_of_opportunity_b, co_window_unsneaky_path_d,
          co_window_corner_b, co_window_4corner_b, glass_columns_b

Action                     || total
---------------------------++-------
  Melee: Unarmed           ||     5
 Armour: Robe              ||     2
  Dodge: Dodged            ||     2
  Block: Kite shield       ||     1

Table legend: (Time is in decaauts)
 A = Elapsed time spent in this place.
 B = Non-inter-level travel time spent in this place.
 C = Inter-level travel time spent in this place.
 D = Time resting spent in this place.
 E = Time spent auto-exploring this place.
 F = Levels seen in this place.
 G = Mean time per level.
                   A        B        C        D        E       F      G
               +--------+--------+--------+--------+--------+-----+--------+
         Total |     71 |     71 |      0 |      0 |      0 |   1 |   71.0 |
       Dungeon |     71 |     71 |      0 |      0 |      0 |   1 |   71.0 |
               +--------+--------+--------+--------+--------+-----+--------+

Top non-repeatable levels by time:
     D:1: 71 daAuts
